 Dungeon Crawl Stone Soup version 0.20.1-1-g8b1a95d (webtiles) character file.

2997 KoningWillie the Basher (level 9, -1/56 HPs)
             Began as a Gargoyle Monk on Oct 10, 2017.
             Was a High Priest of Jiyva.
             Slain by a blink frog (3 damage)
             ... on level 2 of the Lair of Beasts.
             The game lasted 00:22:55 (9354 turns).

KoningWillie the Basher (Gargoyle Monk)             Turns: 9354, Time: 00:22:56

Health: -1/56      AC: 11    Str: 13    XL:     9   Next: 84%
Magic:  9/9        EV:  5    Int: 11    God:    Jiyva [*****.]
Gold:   268        SH:  0    Dex: 20    Spells: 8/8 levels left

rFire    . . .     SeeInvis .   p - +1 morningstar
rCold    . . .     Gourm    .   (no shield)
rNeg     + . .     Faith    .   E - +0 plate armour
rPois    ∞         Spirit   .   (helmet restricted)
rElec    +         Reflect  .   (no cloak)
rCorr    +         Harm     .   (no gloves)
MR       .....                  (no boots)
Stlth    ..........             (no amulet)
Regen    0.2/turn               j - +3 ring of dexterity
MPRegen  0.2/turn               (no ring)

@: no status effects
A: horns 1, rugged brown scales 1, negative energy resistance 1, electricity
resistance, wild magic 1, unbreathing, pseudopods 1, jelly sensing items,
petrification resistance, rot immunity, AC +5
a: Request Jelly, Slimify, Cure Bad Mutation, Renounce Religion


You were on level 2 of the Lair of Beasts.
You worshipped Jiyva.
Jiyva was extremely pleased with you.
You were completely stuffed.

You visited 2 branches of the dungeon, and saw 11 of its levels.

You collected 268 gold pieces.

Inventory:

Hand Weapons
 p - a +1 morningstar (weapon)
 z - a +1 mace of crushing
Armour
 b - a +0 robe
 E - a +0 plate armour (worn)
Jewellery
 j - a +3 ring of dexterity (left hand)
 o - an uncursed ring of ice
 w - a cursed ring of teleportation {unknown}
Wands
 s - a wand of iceblast (7/15)
 v - a wand of flame (21/48)
 y - a wand of polymorph (12/24)
 D - a wand of disintegration (9/24)
Scrolls
 g - a scroll of recharging
 i - 4 scrolls of remove curse
 q - a scroll of amnesia
 r - 2 scrolls of enchant armour {unknown}
 A - a scroll of identify
 B - a scroll of fog
 C - a scroll of summoning {unknown}
Potions
 a - a potion of agility
 d - 3 potions of haste
 e - 2 potions of invisibility
 f - a potion of resistance
 h - 2 potions of curing
 l - a potion of degeneration
Books
 t - a book of Changes

   Spells                             Type                      Level
   a - Beastly Appendage              Transmutation                1
   b - Sticks to Snakes               Transmutation                2
   c - Spider Form                    Transmutation/Poison         3
   d - Ice Form                       Ice/Transmutation            4
   e - Blade Hands                    Transmutation                5
 x - a book of Cantrips

   Spells                             Type                      Level
   a - Confusing Touch                Hexes                        1
   b - Animate Skeleton               Necromancy                   1
   c - Summon Small Mammal            Summoning                    1
   d - Apportation                    Translocation                1
Comestibles
 c - 3 royal jellies
 k - 2 bread rations
 m - 3 meat rations


   Skills:
 + Level 5.7 Fighting
 + Level 8.9 Maces & Flails
 * Level 6.8 Dodging
 * Level 7.0 Stealth
 + Level 0.5 Evocations


You had 8 spell levels left.
You didn't know any spells.

Dungeon Overview and Level Annotations

Branches:
Dungeon (9/15)             Temple (0/1) D:5            Lair (2/6) D:9
  Swamp: Lair:2-4    Shoals: Lair:2-4     Snake: Lair:2-4    Spider: Lair:2-4
    Orc: D:9-12

Altars:
Dithmenos
Elyvilon
Fedhas
Gozag
Hepliaklqana
Makhleb
Sif Muna
Xom
Yredelemnul
Zin
Jiyva

Shops:
D:6 [

Annotations:
Lair:1 Romulous's ghost, journeyman MiFi


Innate Abilities, Weirdness & Mutations

You are resistant to torment.
Your stone body is resilient. (AC +5)
You are immune to poison.
You resist negative energy. (rN+)
You are resistant to electric shocks. (rElec)
You can survive without breathing.
You are immune to petrification.
You are immune to rotting.
You have a pair of small horns on your head.
You are partially covered in rugged brown scales. (AC +1, +3% HP)
Your spells are a little harder to cast, but a little more powerful.
Armour fits poorly on your pseudopods.
You have a small jelly attached to you that senses nearby items.


Message History

The blink frog hits you.
You miss the blink frog. You bludgeon the blink frog.
The blink frog is heavily wounded.
The blink frog is no longer covered in acid.
The blink frog hits you but does no damage.
The blink frog hits you!
* * * LOW HITPOINT WARNING * * *
The blink frog blinks!
The blink frog closely misses you.
The blink frog hits you but does no damage.
Okay, then.
As you read the scroll of fog, it crumbles to dust.
The scroll dissolves into smoke.
The blink frog barely misses you. The blink frog hits you!
* * * LOW HITPOINT WARNING * * *
The blink frog hits you but does no damage.
The blink frog blinks!
You miss the blink frog.
The blink frog is moderately wounded.
The blink frog hits you.
You die...

.............#
.#.##...#...##
...#.#..........P.#
...................
.....###.###.###.##
#... ##'##### ##
#.. #.§§# ##§§§##
#§§@F.# #.§FF.#
#§§§..# ##J..##
#J..# #####


You could see 3 blink frogs.

Vanquished Creatures
  A two-headed ogre (D:9)
  The ghost of letownia the Insei, a novice OpTm (D:4)
  Grinder (D:3)
  A water moccasin (Lair:1)
  2 hell hounds (D:9)
  Duvessa (D:6)
  A hornet zombie (D:8)
  2 ice beasts (D:5)
  An orc warrior (D:8)
  A phantom (D:6)
  A centaur (D:9)
  2 ogres
  2 crocodiles
  A bullfrog (D:9)
  Blork the orc (D:6)
  Dowan (D:6)
  A howler monkey (D:5)
  A vampire bat (D:3)
  2 crimson imps
  A bullfrog zombie (D:5)
  A bullfrog skeleton (D:5)
  A gnoll shaman (D:9)
  A centaur skeleton (D:7)
  2 hounds
  7 orc wizards
  An iguana (D:7)
  5 worker ants
  A killer bee zombie (D:7)
  5 gnolls (D:9)
  7 adders
  An ooze (D:1)
  An adder zombie (D:7)
  A dart slug (D:3)
  4 leopard geckos
  18 orcs
  A ball python (D:1)
  3 giant cockroaches
  4 goblins
  6 hobgoblins
  2 jackals (D:7)
  3 quokkas
  17 bats
  4 frilled lizards
  A jackal skeleton (D:4)
  5 kobolds
  A leopard gecko skeleton (D:8)
  A quokka skeleton (D:4)
  3 rats
  A fungus (Lair:2)
133 creatures vanquished.

Vanquished Creatures (others)
  An oklob plant (Lair:2)
  A water moccasin (Lair:1)
  A sky beast (D:9)
  A black bear (D:8)
  A big kobold (D:8)
  A howler monkey (D:5)
  A crimson imp (D:9)
  19 jellies
  An orc priest (D:6)
  3 orc wizards
  A worker ant (D:4)
  3 adders (D:5)
  13 oozes (Lair:2)
  2 leopard geckos
  11 orcs
  6 kobolds
  A quokka (D:9)
  A frilled lizard (D:5)
  A leopard gecko skeleton (D:8)
  A quokka skeleton (D:5)
  3 fungi (Lair:2)
73 creatures vanquished.

Grand Total: 206 creatures vanquished

Notes
Turn   | Place    | Note
-------+----------+-------------------------------------------
     0 | D:1      | KoningWillie the Gargoyle Monk began the quest for the Orb.
     0 | D:1      | Reached XP level 1. HP: 14/14 MP: 1/1
   306 | D:1      | Reached XP level 2. HP: 14/19 MP: 2/2
   979 | D:1      | Reached XP level 3. HP: 23/23 MP: 3/3
  2247 | D:3      | Reached XP level 4. HP: 19/28 MP: 4/4
  2628 | D:3      | Noticed Grinder
  2662 | D:4      | Noticed a phantom
  2783 | D:3      | HP: 1/28 [worker ant (5)]
  2785 | D:3      | Gained mutation: You are partially covered in rugged brown scales. (AC +1, +3% HP) [potion of mutation]
  2785 | D:3      | Gained mutation: You are agile. (Dex +2) [potion of mutation]
  2785 | D:3      | Gained mutation: You are resistant to hostile enchantments. (MR+) [potion of mutation]
  2785 | D:3      | Gained mutation: You have a pair of small horns on your head. [potion of mutation]
  2983 | D:3      | Found a faded altar of an unknown god.
  2986 | D:3      | Became a worshipper of Jiyva Joentat the Shapeless
  2986 | D:3      | Reached * piety under Jiyva
  2986 | D:3      | Reached ** piety under Jiyva
  3111 | D:3      | Reached XP level 5. HP: 31/33 MP: 5/5
  3179 | D:3      | Killed Grinder
  3179 | D:3      | Reached skill level 4 in Maces & Flails
  3179 | D:3      | Reached XP level 6. HP: 23/39 MP: 6/6
  3215 | D:3      | Reached *** piety under Jiyva
  3256 | D:3      | Lost mutation: You have a pair of small horns on your head. [Jiyva's grace]
  3573 | D:4      | Noticed letownia's ghost (novice OpTm)
  3587 | D:4      | Killed letownia's ghost
  3587 | D:4      | Reached XP level 7. HP: 32/44 MP: 1/7
  3592 | D:4      | Reached skill level 5 in Dodging
  3796 | D:4      | Reached skill level 5 in Maces & Flails
  3899 | D:4      | Reached **** piety under Jiyva
  3899 | D:4      | Gained mutation: You evolve. [Jiyva's grace]
  4095 | D:4      | Found a deep blue altar of Sif Muna.
  4160 | D:5      | Entered Level 5 of the Dungeon
  4184 | D:5      | Found a staircase to the Ecumenical Temple.
  4347 | D:5      | Reached XP level 8. HP: 35/49 MP: 8/8
  4676 | D:5      | Reached skill level 5 in Stealth
  5233 | D:5      | Found a white marble altar of Elyvilon.
  5281 | D:6      | Found a glowing silver altar of Zin.
  5282 | D:6      | Found a shadowy altar of Dithmenos.
  5282 | D:6      | Found a basalt altar of Yredelemnul.
  5286 | D:6      | Found a deep blue altar of Sif Muna.
  5428 | D:6      | Reached skill level 6 in Maces & Flails
  5432 | D:6      | Found Beubrock's Armour Shop.
  5463 | D:6      | Gained mutation: Your spells are a little harder to cast, but a little more powerful. [Jiyva's grace]
  5469 | D:6      | Found a hazy altar of Hepliaklqana.
  5470 | D:6      | Found an opulent altar of Gozag.
  5472 | D:6      | Found a blossoming altar of Fedhas.
  6057 | D:6      | Noticed Blork the orc
  6063 | D:6      | Noticed Duvessa
  6074 | D:6      | Killed Blork the orc
  6083 | D:6      | Killed Duvessa
  6086 | D:6      | Noticed Dowan
  6231 | D:6      | Killed Dowan
  6231 | D:6      | Reached skill level 5 in Fighting
  6435 | D:7      | Noticed an orc sorcerer
  6440 | D:7      | Noticed an orc sorcerer
  6678 | D:7      | Found a shimmering altar of Xom.
  6678 | D:7      | Found a burning altar of Makhleb.
  6785 | D:7      | Reached skill level 7 in Maces & Flails
  7148 | D:7      | Gained mutation: You have a small jelly attached to you that senses nearby items. [Jiyva's grace]
  7626 | D:8      | Lost mutation: You evolve. [evolution]
  7647 | D:8      | Lost mutation: You are resistant to hostile enchantments. (MR+) [Jiyva's grace]
  7673 | D:8      | Reached XP level 9. HP: 22/55 MP: 9/9
  7893 | D:8      | Reached ***** piety under Jiyva
  7916 | D:8      | Gained mutation: Armour fits poorly on your pseudopods. [Jiyva's grace]
  8530 | D:9      | Noticed a troll
  8610 | D:9      | Noticed a two-headed ogre
  8628 | D:9      | Gained mutation: You have a pair of small horns on your head. [Jiyva's grace]
  8633 | D:9      | Killed a two-headed ogre
  8633 | D:9      | Reached skill level 8 in Maces & Flails
  8676 | D:9      | Found a staircase to the Lair.
  8750 | D:9      | HP: 2/55 [hell hound (3)]
  8937 | D:9      | Noticed a kobold demonologist
  8963 | D:9      | Lost mutation: You are agile. (Dex +2) [Jiyva's grace]
  8973 | D:9      | Noticed a troll
  9009 | Lair:1   | Entered Level 1 of the Lair of Beasts
  9166 | Lair:1   | Noticed Romulous's ghost (journeyman MiFi)
  9281 | Lair:2   | Noticed an oklob plant
  9294 | Lair:2   | Killed an oklob plant
  9353 | Lair:2   | HP: 2/56 [blink frog (9)]
  9354 | Lair:2   | Slain by a blink frog

Skill      XL: |  1  2  3  4  5  6  7  8  9 |
---------------+----------------------------+-----
Dodging        | 3 4 5 6 |  6.8
Stealth        | 3 4 6 7 |  7.0
Fighting       | 4 5 |  5.7
Maces & Flails | 4 5 7 8 |  8.9
Evocations     | |  0.5

Action                   |  1- 3 |  4- 6 |  7- 9 || total
-------------------------+-------+-------+-------++-------
Melee: Mace              |   146 |    23 |       ||   169
       Morningstar       |       |    93 |   402 ||   495
       Headbutt          |       |     9 |    12 ||    21
       Pseudopods        |       |       |    27 ||    27
Invok: Request Jelly     |       |     6 |    14 ||    20
       Slimify           |       |       |     1 ||     1
Evoke: Wand              |       |       |     3 ||     3
  Use: Scroll            |     4 |     4 |     8 ||    16
       Potion            |     2 |     4 |     4 ||    10
 Stab: Sleeping          |     2 |     2 |     9 ||    13
  Eat: Bread ration      |     1 |       |       ||     1
       Fruit             |       |     6 |       ||     6
Armor: Robe              |    60 |    56 |    96 ||   212
       Plate armour      |       |       |    20 ||    20
       Skin              |       |       |    18 ||    18
Dodge: Dodged            |   161 |   152 |   303 ||   616
